 Dungeon Crawl Stone Soup version 0.30-b1-2-g02819fbbbe (webtiles) character file.

Game seed: 6448751680810654017

120 sanka the Ducker (level 5, -2/41 HPs)
             Began as a Merfolk Hexslinger on May 6, 2023.
             Was a Believer of Makhleb.
             Slain by an orc priest
             ... wielding a +0 mace
              (4 damage)
             ... on level 3 of the Dungeon.
             The game lasted 00:03:49 (2334 turns).

sanka the Ducker (Merfolk Hexslinger)               Turns: 2334, Time: 00:03:49

Health: -2/41      AC:  5    Str: 10    XL:     5   Next: 4%
Magic:  6/6        EV: 14    Int: 13    God:    Makhleb [**....]
Gold:   209        SH:  0    Dex: 16    Spells: 5/6 levels left

rFire   . . .        a - +1 sling
rCold   . . .        (no shield)
rNeg    . . .        c - +0 robe
rPois   .            (no helmet)
rElec   .            (no cloak)
rCorr   .            l - +1 pair of gloves
SInv    .            h - +0 pair of boots
Will    .....        (no amulet)
Stlth   +            (no ring)
HPRegen 0.26/turn    (no ring)
MPRegen 0.10/turn

%: no passive effects
@: about to teleport
A: (nimble swimmer 2), mertail
a: Renounce Religion, Minor Destruction


You were on level 3 of the Dungeon.
You worshipped Makhleb.
Makhleb was pleased with you.
You visited 1 branch of the dungeon, and saw 3 of its levels.

You collected 209 gold pieces.

Inventory:

Hand Weapons
 a - a +1 sling (weapon)
 p - a +0 falchion
Armour
 c - a +0 robe (worn)
 h - a +0 pair of boots (worn)
 l - a +1 pair of gloves (worn)
Jewellery
 g - a ring of ice
Scrolls
 b - a scroll of poison {!r}
 f - 2 scrolls of teleportation {@r4}
 i - a scroll of acquirement {unknown}
 j - a scroll of magic mapping {unknown}
 k - 2 scrolls of butterflies {unknown}
 n - a scroll of vulnerability {unknown}
Potions
 d - a potion of magic


   Skills:
 + Level 3.6 Fighting
 - Level 1.5 Ranged Weapons
 + Level 5.1 Dodging
 - Level 1.0 Spellcasting
 - Level 3.0 Hexes


You had 5 spell levels left.
You knew the following spells:

 Your Spells              Type           Power      Damage    Failure   Level
a - Slow                  Hex            32%        N/A       9%          1

Your spell library contained the following spells:

 Spells                   Type           Power      Damage    Failure   Level
 Inner Flame              Hex/Fire       4%         N/A       41%         3
 Portal Projectile        Hex/Tloc       8%         N/A       41%         3
 Cause Fear               Hex            4%         N/A       63%         4


Dungeon Overview and Level Annotations

Branches:
Dungeon (3/15)

Altars:
Makhleb

Shops:
D:2 !:

Annotations:
D:2 1 runed translucent door, Crazy Yiuf


Innate Abilities, Weirdness & Mutations

((You are very nimble when in or above water. (Stealth+, EV+, Speed+++)))
Your lower body shifts to a powerful aquatic tail in water.


Message History

Unknown command.
You shoot a sling bullet.
The sling bullet closely misses the orc.
The sling bullet closely misses the orc priest.
The orc closely misses you. x2
Unknown command.
You shoot a sling bullet. The sling bullet hits the orc.
You kill the orc!
Makhleb accepts your kill. The orc hits you but does no damage.
Unknown command.
You shoot a sling bullet.
The sling bullet barely misses the orc priest.
The orc hits you but does no damage. The orc priest hits you with a +0 mace.
* * * LOW HITPOINT WARNING * * *
The orc priest completely misses you. The orc hits you but does no damage.
Unknown command.
You shoot a sling bullet.
The sling bullet hits the orc priest but does no damage.
The orc priest is moderately wounded.
The orc hits you with a +0 dagger.
* * * LOW HITPOINT WARNING * * *
The orc priest hits you with a +0 mace.
* * * LOW HITPOINT WARNING * * *
You shoot a sling bullet.
The sling bullet barely misses the orc priest.
The orc misses you.
The orc priest looks braver for a moment.
Unknown command.
You shoot a sling bullet.
The sling bullet completely misses the orc priest.
The orc barely misses you. The orc priest hits you with a +0 mace.
* * * LOW HITPOINT WARNING * * *
The orc priest misses you. The orc barely misses you.
Unknown command.
Okay, then.
As you read the scroll labelled FIDOAWKUAQA, it crumbles to dust.
You feel strangely unstable.
It was a scroll of teleportation.
The orc priest hits you with a +0 mace.
You die...

#..
################.#
#..............#.####
#.##.##.######>.....#
.....##)# ###.##.#
..#####.# #.##.##.#
........# #S......#
.######## #o###..##
.# #@# # .# #o# .#
#...# # .###
..###.#.. . ...# o...
...... . ##.# .....
##.#.#.. . #.# .....
..##.#.# # #.# ..>.
#....#.# #.# #####
#.##.#.#


You could see an orc priest, an orc and a ball python.

Vanquished Creatures
  An orc wizard (D:3)
  4 adders
  A worm (D:2)
  A dart slug (D:2)
  6 orcs (D:3)
  4 bats (D:2)
  2 endoplasms (D:1)
  3 giant cockroaches
  4 goblins
  4 hobgoblins
  A kobold (D:2)
  2 quokkas
  7 ball pythons
  3 frilled lizards
  2 rats (D:1)
45 creatures vanquished.

Notes
Turn   | Place    | Note
-------+----------+-------------------------------------------
     0 | D:1      | sanka the Merfolk Hexslinger began the quest for the Orb.
     0 | D:1      | Reached XP level 1. HP: 15/15 MP: 2/2
   155 | D:1      | Reached skill level 3 in Dodging
   202 | D:1      | Reached XP level 2. HP: 22/22 MP: 3/3
   288 | D:1      | Found a faded altar of an unknown god.
   302 | D:1      | Prayed at the altar of an unknown god.
   302 | D:1      | Became a worshipper of Makhleb the Destroyer
   302 | D:1      | Reached * piety under Makhleb
   940 | D:2      | Reached XP level 3. HP: 28/28 MP: 4/4
   983 | D:2      | Found a runed translucent door.
   984 | D:2      | Noticed Crazy Yiuf
  1041 | D:2      | Found Nekono's Book Boutique.
  1061 | D:2      | Reached skill level 4 in Dodging
  1256 | D:2      | Found Zaden's Distillery.
  1669 | D:3      | Reached XP level 4. HP: 27/34 MP: 5/5
  1818 | D:3      | Reached ** piety under Makhleb
  2169 | D:3      | Reached skill level 5 in Dodging
  2169 | D:3      | Reached XP level 5. HP: 11/41 MP: 6/6
  2333 | D:3      | HP: 2/41 [orc priest/+0 mace (5)]
  2334 | D:3      | Slain by an orc priest

Illustrated notes

Levels and vault maps discovered:
D:1:      minmay_arrival_loop, layout_basic, basic_ecumenical_altar
D:2:      layout_basic, serial_shops, shop, nicolae_book_shop_shelving,
          uniq_crazy_yiuf_cottage
D:3:      layout_loops_cross

Skill      XL: |  1  2  3  4 |
---------------+-------------+-----
Dodging        | 3 4 5 |  5.1
Fighting       | 2 3 |  3.6
Ranged Weapons | |  1.5
Spellcasting   | |  1.0
Hexes          | |  3.0

Action                     |  1- 3 |  4- 6 || total
---------------------------+-------+-------++-------
   Fire: Sling             |   103 |    90 ||   193
    Use: Potion            |       |     5 ||     5
         Scroll            |       |     1 ||     1
 Armour: Robe              |    18 |    15 ||    33
  Dodge: Dodged            |    37 |    45 ||    82
